kruhg, neutral female scurrid Archeologist ---------- |........| --------------------------------- |........| |................................# #-...<....| | ---- -----.----+--..-----..|# ###|........| |...|aa(.| ..|(((|..+# # ---------- |._.|_|.*| ..|.((|..|### |..aa@--------.|...|..|# # |...|....-.[/|.-|---..|# ----|....|.//|..%.....|# ||--.-----..-----..# |..|........-.%%|.|### # |..|-|--....|.!(|.| # #-----+----- ---|...|---.-----.| #####|.........| |...|..-.......| #.....>....| |...|..|.......| |.........| --------.....{.| |....%....| .......| |.........| --------- ----------- kruhg the Investigator Experience level: 6 Strength: 14 Dexterity: 10 Constitution: 15 Intelligence: 16 Wisdom: 11 Charisma: 10 Health: 0(40) Energy: 24(24) Def: 7 Gold: 0 Moves: 638 Dungeon seed: 1lqIAw35SzW7Yfki Game ID: kruhg_1540284084 Your Inventory: Weapons a - a blessed +2 bullwhip (weapon in paw) A - a cursed -1 elven dagger Armor e - an uncursed +0 leather jacket (being worn) n - an uncursed +0 pair of leather gloves (being worn) r - an uncursed +0 orcish cloak x - an uncursed +0 dwarvish roundshield (being worn) y - an uncursed +0 dwarvish iron helm (being worn) z - an uncursed +0 dwarvish cloak (being worn) B - an uncursed +0 elven mithril-coat N - an uncursed +0 pair of iron shoes (being worn) Comestibles b - 6 uncursed chestnuts v - an uncursed pancake D - an uncursed carrot E - 3 uncursed food rations Scrolls i - an uncursed scroll of enchant armor l - a cursed scroll of scare monster Potions G - an uncursed potion of sickness Rings j - a cursed -1 ring of stealth H - an uncursed ring of invisibility (on right paw) I - an uncursed +1 ring of gain strength (on left paw) J - a cursed ring of poison resistance Wands d - an uncursed wand of light (0:15) p - an uncursed wand of undead turning (0:6) Tools c - an uncursed pair of lenses (being worn) f - an uncursed sack g - an uncursed tin opener (alternate weapon; not wielded) h - an uncursed oil lamp (0:1438) k - 7 cursed tallow candles (0:200) m - an uncursed oil lamp (0:1238) o - 4 uncursed tallow candles (0:200) t - an uncursed lock pick w - an uncursed lock pick C - a cursed brass lantern (0:1466) K - an uncursed tinning kit (0:83) Gems q - an uncursed touchstone Contents of the sack: 117 gold pieces a [uncursed] agate a [uncursed] aquamarine a [uncursed] fluorite a [uncursed] jet Spells and supernatural/magical abilities: Name Level Category Fail Memory W - pray for help -- divine ? -- Your skills at the end: Miscellaneous Skills wands [Basic] stealth [Skilled] Weapon Skills whip [Skilled] Spellcasting Skills Final Attributes: You were stridently aligned. You had automatic searching. You had infravision. You were invisible. You were very stealthy. You were fast. You were unlucky. Camaxtli was angry with you. You are dead. Vanquished creatures: a gnome king a soldier ant 3 gnome lords a gnomish wizard 6 dwarves a rabid rat 2 killer bees 3 coyotes a hobbit a hobgoblin a giant rat 7 gnomes a garter snake a gnome zombie a jackal a fox a kobold 3 newts a goblin a sewer rat 6 grid bugs 44 creatures vanquished. Voluntary challenges: You followed a strict vegan diet. You did not cause conflict. You did not have reflection. You were not displaced. You used a wielded weapon 89 times, starting on turn 3. You did not apply a unicorn horn. You did not use plumbed fixtures. You did not drink any magical draughts. You read items or engraved 2 times, starting on turn 637. You never genocided any monsters. You never polymorphed an object. You never changed form. You used no wishes. You never split a pudding. You never wrote Elbereth's name. You violated your moral code, losing 11 points of alignment, starting on turn 390. Dungeon overview: The Dungeons of Doom: levels 1 to 2 Level 1 a fountain a long staircase Level 2 stairs to The Gnomish Mines The Gnomish Mines: levels 3 to 6 Level 3 stairs to The Dungeons of Doom Level 4 Level 5 <- You were here some shops, some altars to Quetzalcoatl and Huhetotl, a magic chest, a fountain Level 6 History has recorded: On T:1 you entered the Dungeons of Doom to retrieve the Amulet of Yendor! On T:96 you reached level 2 of The Dungeons of Doom. On T:149 you reached level 1 of The Gnomish Mines. On T:166 you advanced to experience level 2. On T:171 you advanced to experience level 3. On T:226 you reached level 2 of The Gnomish Mines. On T:297 you advanced to experience level 4. On T:405 you advanced to experience level 5. On T:468 you reached level 3 of The Gnomish Mines. On T:526 you reached level 4 of The Gnomish Mines. On T:590 you entered the Minetown temple On T:595 you advanced to experience level 6. On T:602 you opened a magic chest. Score breakdown: Gold: 117 ( 11 points) Experience: 6 levels ( 500 points) Exploration: 6 levels ( 150 points) Discoveries: 28 items ( 1400 points) Variety of kills: 21 monsters ( 1050 points) Major goal: reached Minetown ( 500 points) Survival: died (score multiplied by 3) Total score: 10833 Latest messages: You whip the priestess of Camaxtli. You whip the priestess of Camaxtli! The priestess of Camaxtli bumps right into you! You whip the priestess of Camaxtli. The priestess of Camaxtli wields a mace! The priestess of Camaxtli kicks! The priestess of Camaxtli casts a spell! The priestess of Camaxtli summons insects! As you read the scroll, it disappears. The floor beneath your feet rises. You feel a surge of the power of Quetzalcoatl. As you read the scroll, it disappears. You feel like someone is helping you. The giant ant bumps right into you! The giant ant bites! The priestess of Camaxtli swings her mace at you. The priestess of Camaxtli hits you! You die... Final status: Goodbye kruhg the Archeologist, killed by a priestess of Camaxtli... You died in The Gnomish Mines on dungeon level 5 with 10833 points, and 117 pieces of gold, after 638 moves. You were level 6 with a maximum of 40 hit points when you died.